 Dungeon Crawl Stone Soup version 0.32-a0-705-g60f233581c (webtiles) character file.

Game seed: 2712648332230582925

16 Turgor the Shooter (level 2, -11/23 HPs)
             Began as a Coglin Hunter on Mar 14, 2024.
             Mangled by Sigmund
             ... wielding a +0 scythe
              (12 damage)
             ... on level 2 of the Dungeon.
             The game lasted 00:02:41 (1641 turns).

Turgor the Shooter (Coglin Hunter)                  Turns: 1641, Time: 00:02:42

Health: -11/23     AC:  3    Str:  9 (11) XL:     2   Next: 58%
Magic:  2/2        EV: 10    Int:  5 (8)  God:
Gold:   107        SH:  0    Dex: 16 (17) Spells: 1/1 levels left

rFire   . . .        a - +2 sling {Jihoo}
rCold   . . .        d - +0 sling {Santiago}
rNeg    . . .        c - +0 leather armour
rPois   .            (no helmet)
rElec   .            (no cloak)
rCorr   .            (no gloves)
SInv    .            (no boots)
Will    +....        (amulet unavailable)
Stlth   +            (ring unavailable)
HPRegen 0.23/turn    (ring unavailable)
MPRegen 0.08/turn    (no gizmo)

%: no passive effects
@: enlightened, flying
A: off-hand wielding, slow wielding, warmup strikes, no jewellery
a: Invent Gizmo


You were on level 2 of the Dungeon.
You visited 1 branch of the dungeon, and saw 2 of its levels.

You collected 107 gold pieces.

Inventory:

Hand Weapons
 a - a +2 sling (weapon) {Jihoo}
 d - a +0 sling (offhand) {Santiago}
Armour
 c - a +0 leather armour (worn)
Scrolls
 b - a scroll of butterflies
 g - a scroll of poison {unknown}
 i - a scroll of revelation {unknown}
 j - a scroll of teleportation {unknown}
 k - a scroll of summoning {unknown}
 l - a scroll of amnesia {unknown}
 n - a scroll of vulnerability {unknown}
 o - a scroll of noise {unknown}


   Skills:
 + Level 2.3 Fighting
 * Level 4.0 Ranged Weapons
 - Level 1.7 Dodging
 - Level 0.7 Stealth


You had one spell level left.
You didn't know any spells.
Your spell library contained the following spells:

 Spells                   Type           Power      Damage    Failure   Level
 Summon Small Mammal      Summ           0%         N/A       58%         1
 Call Canine Familiar     Summ           0%         N/A       92%         3
 Passwall                 Erth           0%         N/A       92%         3
 Volatile Blastmotes      Fire/Tloc      0%         2d10      92%         3
 Summon Blazeheart Golem  Fire/Summ      0%         N/A       100%        4
 Bombard                  Conj/Erth      0%         9d1       100%        6


Dungeon Overview and Level Annotations

Branches:
Dungeon (2/15)

Altars:

Shops:
D:2 (

Annotations:
D:2 Sigmund


Innate Abilities, Weirdness & Mutations

You can wield a second weapon in your off-hand.
It takes a long time for you to wield or remove held weapons.
Your first few attacks do less damage.
You cannot equip rings or amulets.


Message History

You are more confused.
You feel invigorated.
It was a potion of enlightenment.
You feel very buoyant.
You fly up into the air.
It was a potion of degeneration.
There was something very wrong with that liquid.
You feel weakened.
You feel dopey.
You feel clumsy.
Sigmund says, "Look into my eyes."
Sigmund mumbles some strange words.
Sigmund flickers and vanishes!
Deactivating autopickup; reactivate with Ctrl-A.
You shoot a sling bullet. x2
You hear a zap.
A puff of flame appears from out of thin air!
The puff of flame hits you.
You shoot a sling bullet. x2
You shoot a sling bullet. x2; Something hits you but does no damage.
You shoot a sling bullet. x2; Something hits you.
You shoot a sling bullet. x2; Something hits you!
You shoot a sling bullet. x2; You feel less invigorated.
Something hits you!
You shoot a sling bullet. x2
You shoot a sling bullet. x2; Something hits you.
You shoot a sling bullet. x2; Something hits you.
* * * LOW HITPOINT WARNING * * *
You shoot a sling bullet. x2
You feel less confused.
You hear a zap.
A puff of flame appears from out of thin air!
The puff of flame hits you.
* * * LOW HITPOINT WARNING * * *
You are too injured to fight recklessly!
Unknown command.
You are too injured to fight recklessly!
Fire: a) +2 sling {Jihoo}
Press: ? - help, Q - select action Shift-Dir - straight line You shoot a sling bullet. x2
Something hits you!
Ouch! That really hurt!
You die...

# #.# #.......#.#.#
#.#.# #.....###.#.#
#.#+######.....# #.#.#
#.......##.....###+#.#
#...........#........#
#...........#........#
#....{...............#
#.....$.....#........#
#......@....#........#
#.######....#........#
#....#........#
.....#........#
.†...#........# #
.....#........# #
.###########.### .#
#............
#...#####....


There were no monsters in sight!

Vanquished Creatures
  A giant cockroach (D:1)
  3 hobgoblins
  A kobold (D:1)
  4 ball pythons
  6 bats
  A frilled lizard (D:1)
  2 rats
18 creatures vanquished.

Notes
Turn   | Place    | Note
-------+----------+-------------------------------------------
     0 | D:1      | Turgor the Coglin Hunter began the quest for the Orb.
     0 | D:1      | Reached XP level 1. HP: 16/16 MP: 1/1
   306 | D:1      | Reached XP level 2. HP: 22/22 MP: 2/2
   886 | D:1      | Reached skill level 4 in Ranged Weapons
  1519 | D:2      | Found Uxohemot's Antique Weapon Shoppe.
  1625 | D:2      | Noticed Sigmund
  1640 | D:2      | HP: 1/23 [something/puff of flame (4)]
  1641 | D:2      | Mangled by Sigmund

Illustrated notes

Levels and vault maps discovered:
D:1:      giann_bridges, layout_basic
D:2:      layout_basic, serial_shops, shop, uniq_sigmund

Skill      XL: |  1  2 |
---------------+-------+-----
Ranged Weapons | 4 |  4.0
Fighting       | |  2.3
Dodging        | |  1.7
Stealth        | |  0.7

Action                     || total
---------------------------++-------
   Fire: Sling             ||    76
    Use: Potion            ||     4
 Armour: Leather armour    ||    11

Table legend: (Time is in decaauts)
 A = Elapsed time spent in this place.
 B = Non-inter-level travel time spent in this place.
 C = Inter-level travel time spent in this place.
 D = Time resting spent in this place.
 E = Time spent auto-exploring this place.
 F = Levels seen in this place.
 G = Mean time per level.
                   A        B        C        D        E       F      G
               +--------+--------+--------+--------+--------+-----+--------+
         Total |   1650 |   1603 |     47 |      0 |   1500 |   2 |  825.0 |
       Dungeon |   1650 |   1603 |     47 |      0 |   1500 |   2 |  825.0 |
               +--------+--------+--------+--------+--------+-----+--------+

Top non-repeatable levels by time:
     D:1: 1039 daAuts
     D:2: 610 daAuts
